%YAML 1.1
%TAG !u! tag:unity3d.com,2011:
--- !u!1 &6323963479002873065
GameObject:
  m_ObjectHideFlags: 0
  m_CorrespondingSourceObject: {fileID: 0}
  m_PrefabInstance: {fileID: 0}
  m_PrefabAsset: {fileID: 0}
  serializedVersion: 6
  m_Component:
  - component: {fileID: 6323963479002873061}
  - component: {fileID: 6323963479002873060}
  - component: {fileID: 6323963479002873067}
  - component: {fileID: 6323963479002873066}
  - component: {fileID: 250203658651435626}
  - component: {fileID: 6489860853825540410}
  m_Layer: 5
  m_Name: UIRoot
  m_TagString: Untagged
  m_Icon: {fileID: 0}
  m_NavMeshLayer: 0
  m_StaticEditorFlags: 0
  m_IsActive: 1
--- !u!224 &6323963479002873061
RectTransform:
  m_ObjectHideFlags: 0
  m_CorrespondingSourceObject: {fileID: 0}
  m_PrefabInstance: {fileID: 0}
  m_PrefabAsset: {fileID: 0}
  m_GameObject: {fileID: 6323963479002873065}
  m_LocalRotation: {x: 0, y: 0, z: 0, w: 1}
  m_LocalPosition: {x: 0, y: 0, z: 0}
  m_LocalScale: {x: 0, y: 0, z: 0}
  m_ConstrainProportionsScale: 0
  m_Children:
  - {fileID: 5217242706268044019}
  - {fileID: 7241513601351692404}
  m_Father: {fileID: 0}
  m_RootOrder: 0
  m_LocalEulerAnglesHint: {x: 0, y: 0, z: 0}
  m_AnchorMin: {x: 0, y: 0}
  m_AnchorMax: {x: 0, y: 0}
  m_AnchoredPosition: {x: 0, y: 0}
  m_SizeDelta: {x: 0, y: 0}
  m_Pivot: {x: 0, y: 0}
--- !u!223 &6323963479002873060
Canvas:
  m_ObjectHideFlags: 0
  m_CorrespondingSourceObject: {fileID: 0}
  m_PrefabInstance: {fileID: 0}
  m_PrefabAsset: {fileID: 0}
  m_GameObject: {fileID: 6323963479002873065}
  m_Enabled: 1
  serializedVersion: 3
  m_RenderMode: 1
  m_Camera: {fileID: 0}
  m_PlaneDistance: 1
  m_PixelPerfect: 0
  m_ReceivesEvents: 1
  m_OverrideSorting: 0
  m_OverridePixelPerfect: 0
  m_SortingBucketNormalizedSize: 0
  m_AdditionalShaderChannelsFlag: 0
  m_SortingLayerID: 0
  m_SortingOrder: 4
  m_TargetDisplay: 0
--- !u!114 &6323963479002873067
MonoBehaviour:
  m_ObjectHideFlags: 0
  m_CorrespondingSourceObject: {fileID: 0}
  m_PrefabInstance: {fileID: 0}
  m_PrefabAsset: {fileID: 0}
  m_GameObject: {fileID: 6323963479002873065}
  m_Enabled: 1
  m_EditorHideFlags: 0
  m_Script: {fileID: 11500000, guid: 0cd44c1031e13a943bb63640046fad76, type: 3}
  m_Name: 
  m_EditorClassIdentifier: 
  m_UiScaleMode: 1
  m_ReferencePixelsPerUnit: 100
  m_ScaleFactor: 1
  m_ReferenceResolution: {x: 1080, y: 1920}
  m_ScreenMatchMode: 0
  m_MatchWidthOrHeight: 0
  m_PhysicalUnit: 3
  m_FallbackScreenDPI: 96
  m_DefaultSpriteDPI: 96
  m_DynamicPixelsPerUnit: 1
  m_PresetInfoIsWorld: 0
--- !u!114 &6323963479002873066
MonoBehaviour:
  m_ObjectHideFlags: 0
  m_CorrespondingSourceObject: {fileID: 0}
  m_PrefabInstance: {fileID: 0}
  m_PrefabAsset: {fileID: 0}
  m_GameObject: {fileID: 6323963479002873065}
  m_Enabled: 1
  m_EditorHideFlags: 0
  m_Script: {fileID: 11500000, guid: dc42784cf147c0c48a680349fa168899, type: 3}
  m_Name: 
  m_EditorClassIdentifier: 
  m_IgnoreReversedGraphics: 1
  m_BlockingObjects: 0
  m_BlockingMask:
    serializedVersion: 2
    m_Bits: 4294967295
--- !u!114 &250203658651435626
MonoBehaviour:
  m_ObjectHideFlags: 0
  m_CorrespondingSourceObject: {fileID: 0}
  m_PrefabInstance: {fileID: 0}
  m_PrefabAsset: {fileID: 0}
  m_GameObject: {fileID: 6323963479002873065}
  m_Enabled: 1
  m_EditorHideFlags: 0
  m_Script: {fileID: 11500000, guid: e883debcb6aa13744925103eccf13f0a, type: 3}
  m_Name: 
  m_EditorClassIdentifier: 
  canvas: {fileID: 6323963479002873060}
--- !u!114 &6489860853825540410
MonoBehaviour:
  m_ObjectHideFlags: 0
  m_CorrespondingSourceObject: {fileID: 0}
  m_PrefabInstance: {fileID: 0}
  m_PrefabAsset: {fileID: 0}
  m_GameObject: {fileID: 6323963479002873065}
  m_Enabled: 1
  m_EditorHideFlags: 0
  m_Script: {fileID: 11500000, guid: a5a2f41fc9f73fe4cae3fb89155487dd, type: 3}
  m_Name: 
  m_EditorClassIdentifier: 
--- !u!1001 &4004585583329731468
PrefabInstance:
  m_ObjectHideFlags: 0
  serializedVersion: 2
  m_Modification:
    m_TransformParent: {fileID: 6323963479002873061}
    m_Modifications:
    - target: {fileID: 1805316144, guid: 77133aa24ca563946919cfeaf89cdb8b, type: 3}
      propertyPath: audioSource
      value: 
      objectReference: {fileID: 4134352691686255699}
    - target: {fileID: 1077220681527545823, guid: 77133aa24ca563946919cfeaf89cdb8b,
        type: 3}
      propertyPath: m_audioClip
      value: 
      objectReference: {fileID: 8300000, guid: a527e3cdfdcca2d4ca3e19a1b701a2f9, type: 3}
    - target: {fileID: 6047247012410086391, guid: 77133aa24ca563946919cfeaf89cdb8b,
        type: 3}
      propertyPath: m_Name
      value: BackgroundAudio
      objectReference: {fileID: 0}
    - target: {fileID: 6047247012410086392, guid: 77133aa24ca563946919cfeaf89cdb8b,
        type: 3}
      propertyPath: m_RootOrder
      value: 1
      objectReference: {fileID: 0}
    - target: {fileID: 6047247012410086392, guid: 77133aa24ca563946919cfeaf89cdb8b,
        type: 3}
      propertyPath: m_LocalPosition.x
      value: -2.69489
      objectReference: {fileID: 0}
    - target: {fileID: 6047247012410086392, guid: 77133aa24ca563946919cfeaf89cdb8b,
        type: 3}
      propertyPath: m_LocalPosition.y
      value: 5.557324
      objectReference: {fileID: 0}
    - target: {fileID: 6047247012410086392, guid: 77133aa24ca563946919cfeaf89cdb8b,
        type: 3}
      propertyPath: m_LocalPosition.z
      value: 69.89573
      objectReference: {fileID: 0}
    - target: {fileID: 6047247012410086392, guid: 77133aa24ca563946919cfeaf89cdb8b,
        type: 3}
      propertyPath: m_LocalRotation.w
      value: 1
      objectReference: {fileID: 0}
    - target: {fileID: 6047247012410086392, guid: 77133aa24ca563946919cfeaf89cdb8b,
        type: 3}
      propertyPath: m_LocalRotation.x
      value: 0
      objectReference: {fileID: 0}
    - target: {fileID: 6047247012410086392, guid: 77133aa24ca563946919cfeaf89cdb8b,
        type: 3}
      propertyPath: m_LocalRotation.y
      value: 0
      objectReference: {fileID: 0}
    - target: {fileID: 6047247012410086392, guid: 77133aa24ca563946919cfeaf89cdb8b,
        type: 3}
      propertyPath: m_LocalRotation.z
      value: 0
      objectReference: {fileID: 0}
    - target: {fileID: 6047247012410086392, guid: 77133aa24ca563946919cfeaf89cdb8b,
        type: 3}
      propertyPath: m_LocalEulerAnglesHint.x
      value: 0
      objectReference: {fileID: 0}
    - target: {fileID: 6047247012410086392, guid: 77133aa24ca563946919cfeaf89cdb8b,
        type: 3}
      propertyPath: m_LocalEulerAnglesHint.y
      value: 0
      objectReference: {fileID: 0}
    - target: {fileID: 6047247012410086392, guid: 77133aa24ca563946919cfeaf89cdb8b,
        type: 3}
      propertyPath: m_LocalEulerAnglesHint.z
      value: 0
      objectReference: {fileID: 0}
    m_RemovedComponents: []
  m_SourcePrefab: {fileID: 100100000, guid: 77133aa24ca563946919cfeaf89cdb8b, type: 3}
--- !u!82 &4134352691686255699 stripped
AudioSource:
  m_CorrespondingSourceObject: {fileID: 1077220681527545823, guid: 77133aa24ca563946919cfeaf89cdb8b,
    type: 3}
  m_PrefabInstance: {fileID: 4004585583329731468}
  m_PrefabAsset: {fileID: 0}
--- !u!4 &7241513601351692404 stripped
Transform:
  m_CorrespondingSourceObject: {fileID: 6047247012410086392, guid: 77133aa24ca563946919cfeaf89cdb8b,
    type: 3}
  m_PrefabInstance: {fileID: 4004585583329731468}
  m_PrefabAsset: {fileID: 0}
--- !u!1001 &5523428459881010719
PrefabInstance:
  m_ObjectHideFlags: 0
  serializedVersion: 2
  m_Modification:
    m_TransformParent: {fileID: 6323963479002873061}
    m_Modifications:
    - target: {fileID: 342403804138253548, guid: 4d540d3b4370be14f960ed9c104e024b,
        type: 3}
      propertyPath: m_RootOrder
      value: 0
      objectReference: {fileID: 0}
    - target: {fileID: 342403804138253548, guid: 4d540d3b4370be14f960ed9c104e024b,
        type: 3}
      propertyPath: m_LocalPosition.x
      value: -82.489426
      objectReference: {fileID: 0}
    - target: {fileID: 342403804138253548, guid: 4d540d3b4370be14f960ed9c104e024b,
        type: 3}
      propertyPath: m_LocalPosition.y
      value: -80.30415
      objectReference: {fileID: 0}
    - target: {fileID: 342403804138253548, guid: 4d540d3b4370be14f960ed9c104e024b,
        type: 3}
      propertyPath: m_LocalPosition.z
      value: 8.615343
      objectReference: {fileID: 0}
    - target: {fileID: 342403804138253548, guid: 4d540d3b4370be14f960ed9c104e024b,
        type: 3}
      propertyPath: m_LocalRotation.w
      value: 1
      objectReference: {fileID: 0}
    - target: {fileID: 342403804138253548, guid: 4d540d3b4370be14f960ed9c104e024b,
        type: 3}
      propertyPath: m_LocalRotation.x
      value: -0
      objectReference: {fileID: 0}
    - target: {fileID: 342403804138253548, guid: 4d540d3b4370be14f960ed9c104e024b,
        type: 3}
      propertyPath: m_LocalRotation.y
      value: -0
      objectReference: {fileID: 0}
    - target: {fileID: 342403804138253548, guid: 4d540d3b4370be14f960ed9c104e024b,
        type: 3}
      propertyPath: m_LocalRotation.z
      value: -0
      objectReference: {fileID: 0}
    - target: {fileID: 342403804138253548, guid: 4d540d3b4370be14f960ed9c104e024b,
        type: 3}
      propertyPath: m_LocalEulerAnglesHint.x
      value: 0
      objectReference: {fileID: 0}
    - target: {fileID: 342403804138253548, guid: 4d540d3b4370be14f960ed9c104e024b,
        type: 3}
      propertyPath: m_LocalEulerAnglesHint.y
      value: 0
      objectReference: {fileID: 0}
    - target: {fileID: 342403804138253548, guid: 4d540d3b4370be14f960ed9c104e024b,
        type: 3}
      propertyPath: m_LocalEulerAnglesHint.z
      value: 0
      objectReference: {fileID: 0}
    - target: {fileID: 7352349405479150947, guid: 4d540d3b4370be14f960ed9c104e024b,
        type: 3}
      propertyPath: m_Name
      value: ButtonAudio
      objectReference: {fileID: 0}
    - target: {fileID: 7352349405479150947, guid: 4d540d3b4370be14f960ed9c104e024b,
        type: 3}
      propertyPath: m_IsActive
      value: 1
      objectReference: {fileID: 0}
    m_RemovedComponents: []
  m_SourcePrefab: {fileID: 100100000, guid: 4d540d3b4370be14f960ed9c104e024b, type: 3}
--- !u!4 &5217242706268044019 stripped
Transform:
  m_CorrespondingSourceObject: {fileID: 342403804138253548, guid: 4d540d3b4370be14f960ed9c104e024b,
    type: 3}
  m_PrefabInstance: {fileID: 5523428459881010719}
  m_PrefabAsset: {fileID: 0}
